 Dungeon Crawl Stone Soup version 0.31-a0-844-gdc52ec4e09 (webtiles) character file.

Game seed: 12489252412747572799

931 graki42 the Trooper (level 7, -2/64 HPs)
             Began as a Minotaur Fighter on Sept 28, 2023.
             Slain by a yak (10 damage)
             ... on level 4 of the Dungeon.
             The game lasted 00:09:57 (3024 turns).

graki42 the Trooper (Minotaur Fighter)              Turns: 3024, Time: 00:09:58

Health: -2/64      AC: 11    Str: 21    XL:     7   Next: 86%
Magic:  6/6        EV:  8    Int:  7    God:
Gold:   115        SH:  5    Dex:  9    Spells: 6/6 levels left

rFire   . . .        a - +0 trident
rCold   . . .        c - +0 buckler
rNeg    . . .        u - +0 chain mail
rPois   .            (helmet restricted)
rElec   .            o - +0 cloak
rCorr   .            (no gloves)
SInv    .            (no boots)
Will    .....        (no amulet) Stlth
                     (no ring)
HPRegen 0.30/turn    (no ring)
MPRegen 0.10/turn

%: no passive effects
@: silenced (expiring), on berserk cooldown, attractive, invisible
A: horns 2, retaliatory headbutt
a: no special abilities


You were on level 4 of the Dungeon.
You visited 1 branch of the dungeon, and saw 4 of its levels.

You collected 115 gold pieces.

Inventory:

Hand Weapons
 a - a +0 trident (weapon)
Armour
 c - a +0 buckler (worn)
 o - a +0 cloak (worn)
 u - a +0 chain mail (worn)
Scrolls
 b - a scroll of acquirement {unknown}
 d - a scroll of identify
 e - 3 scrolls of poison
 f - a scroll of fear {unknown}
 h - 4 scrolls of revelation
 i - a scroll of noise {unknown}
 p - a scroll of enchant weapon {unknown}
 q - a scroll of vulnerability {unknown}


   Skills:
 + Level 6.6 Fighting
 + Level 5.8 Polearms
 + Level 6.5 Armour
 + Level 6.4 Shields


You had 6 spell levels left.
You didn't know any spells.
Your spell library contained the following spells:

 Spells                   Type           Power      Damage    Failure   Level
 Apportation              Tloc           0%         N/A       98%         1
 Kiss of Death            Conj/Necr      0%         2d5       98%         1
 Necrotise                Necr           0%         1d4       98%         1
 Summon Small Mammal      Summ           0%         N/A       98%         1
 Confusing Touch          Hex            0%         N/A       100%        3
 Animate Armour           Summ/Erth      0%         N/A       100%        4
 Dispel Undead            Necr           0%         3d6       100%        4
 Summon Lightning Spire   Summ/Air       0%         N/A       100%        4
 Lee's Rapid Deconstruct  Erth           0%         3d4*      100%        5


Dungeon Overview and Level Annotations

Branches:
Dungeon (4/15)
 Temple: D:4-7

Altars:
Elyvilon
Kikubaaqudgha
Sif Muna
Wu Jian
Yredelemnul
The Shining One


Innate Abilities, Weirdness & Mutations

You have a pair of horns on your head.
You reflexively headbutt those who attack you in melee.


Message History

You block the yak's attack. The yak barely misses you.
You feel your strength returning.
Your Armour skill increases to level 6!
Your Shields skill increases to level 6!
You hit the yak. You headbutt the yak, but do no damage.
The yak is severely wounded.
The yak completely misses you. You block the yak's attack.
You closely miss the yak. Your headbutt misses the yak.
The yak is severely wounded.
The yak looks more healthy.
The yak gores you.
You puncture the yak! Your headbutt misses the yak.
The yak is almost dead.
The yak gores you but does no damage. The yak gores you!
You puncture the yak!
You kill the yak!
You block the yak's attack.
You feel your intelligence returning.
You barely miss the yak.
The yak is lightly wounded.
The yak gores you!
* * * LOW HITPOINT WARNING * * *
It was a potion of curing.
You feel better. The yak gores you but does no damage. The yak gores you!
* * * LOW HITPOINT WARNING * * *
It was a potion of attraction.
You feel attractive to monsters.
You feel yourself speed up. The yak gores you.
* * * LOW HITPOINT WARNING * * *
It was a potion of invisibility.
You fade into invisibility!
The yak gores you but does no damage.
You puncture the yak! You headbutt the yak, but do no damage.
The yak is moderately wounded.
The yak completely misses you. You furiously retaliate!
You headbutt the yak! The yak gores you but does no damage.
You strike the helpless yak from behind!
You puncture the yak!
The yak is almost dead.
The yak gores you!
You die...

##########
..YYYY...#
########.# #.#
#†#
#.###########
#.......Y@..#
####
###########.#
#... #.#########
#... #.........#
#...
#########.###...
..............
#######.###...
#.# #... #.#
#...


You could see a yak (unable to see you).

Vanquished Creatures
  4 yaks (D:4)
  The ghost of Cris the Conjurer, an amateur DsCj (D:3)
  A hound (D:4)
  A jelly (D:4)
  Natasha (D:3)
  An orc wizard (D:3)
  Robin (D:2)
  2 adders
  A white imp (D:3)
  3 worms
  16 orcs
  10 ball pythons
  6 bats
  9 endoplasms
  3 giant cockroaches
  14 goblins
  5 hobgoblins
  4 jackals
  4 quokkas
  4 frilled lizards (D:1)
  A goblin zombie (D:3)
  4 hobgoblin zombies (D:3)
  8 kobolds
  A kobold zombie (D:3)
  An orc zombie (D:3)
  12 rats
118 creatures vanquished.

Notes
Turn   | Place    | Note
-------+----------+-------------------------------------------
     0 | D:1      | graki42 the Minotaur Fighter began the quest for the Orb.
     0 | D:1      | Reached XP level 1. HP: 19/19 MP: 0/0
   120 | D:1      | Reached XP level 2. HP: 27/27 MP: 1/1
   660 | D:2      | Found an ancient bone altar of Kikubaaqudgha.
   684 | D:2      | Reached XP level 3. HP: 33/33 MP: 2/2
  1195 | D:2      | Noticed Robin
  1205 | D:2      | Killed Robin
  1206 | D:2      | Reached XP level 4. HP: 27/41 MP: 3/3
  1480 | D:3      | Found a glowing golden altar of the Shining One.
  1882 | D:3      | Found an ornate altar of the Wu Jian Council.
  1944 | D:3      | Found a basalt altar of Yredelemnul.
  1984 | D:3      | Found a white marble altar of Elyvilon.
  2012 | D:3      | Reached XP level 5. HP: 47/47 MP: 4/4
  2341 | D:3      | Found a runed translucent gate.
  2342 | D:3      | Found a runed translucent gate.
  2342 | D:3      | Noticed Cris's ghost (amateur DsCj)
  2343 | D:3      | Found a runed translucent gate.
  2343 | D:3      | Noticed Natasha
  2351 | D:3      | Killed Natasha
  2352 | D:3      | Reached skill level 5 in Fighting
  2410 | D:3      | Found a shimmering blue altar of Sif Muna.
  2564 | D:3      | Killed Cris's ghost
  2565 | D:3      | Reached skill level 5 in Armour
  2565 | D:3      | Reached skill level 5 in Shields
  2565 | D:3      | Reached XP level 6. HP: 20/56 MP: 5/5
  2968 | D:4      | Noticed a yak
  2969 | D:4      | Noticed a yak
  2969 | D:4      | Noticed a yak
  2970 | D:4      | Noticed a yak
  2980 | D:4      | Noticed a yak
  3001 | D:4      | Killed a yak
  3002 | D:4      | Killed a yak
  3003 | D:4      | Reached skill level 5 in Polearms
  3003 | D:4      | Reached XP level 7. HP: 26/63 MP: 6/6
  3006 | D:4      | Killed a yak
  3010 | D:4      | Killed a yak
  3024 | D:4      | Slain by a yak

Illustrated notes

Levels and vault maps discovered:
D:1:      dpeg_arrival_windows_large_door, layout_loops_cross
D:2:      layout_basic, basic_altar, serial_park_tiny_pond, minmay_between,
          uniq_robin
D:3:      minmay_inner_zag, layout_loops_ring, general_overflow_altar,
          nicolae_tso_besieged_by_evil, kennysheep_orc_sif_temple,
          elyvilon_altar_3, nzn_wu_jian_contemplation,
          biasface_ghost_orc_armoury, uniq_natasha
D:4:      layout_basic, mainiacjoe_overflow_brackets, lemuel_round_altar,
          guppyfry_shop_venom

Skill      XL: |  1  2  3  4  5  6  7 |
---------------+----------------------+-----
Fighting       | 4 5 6 |  6.6
Armour         | 4 5 6 |  6.5
Shields        | 4 5 6 |  6.4
Polearms       | 3 4 5 |  5.8

Action                     |  1- 3 |  4- 6 |  7- 9 || total
---------------------------+-------+-------+-------++-------
  Melee: Trident           |   118 |   175 |     9 ||   302
         Headbutt          |    18 |    22 |     2 ||    42
         Unarmed           |       |     6 |       ||     6
    Use: Scroll            |     1 |     1 |     2 ||     4
         Potion            |     1 |     5 |     3 ||     9
   Stab: Invisible         |       |       |     1 ||     1
 Armour: Scale mail        |    54 |    76 |       ||   130
         Skin              |       |     2 |       ||     2
         Chain mail        |       |    32 |    12 ||    44
  Dodge: Dodged            |    31 |    59 |     5 ||    95
  Block: Buckler           |    24 |    25 |     3 ||    52

Table legend: (Time is in decaauts)
 A = Elapsed time spent in this place.
 B = Non-inter-level travel time spent in this place.
 C = Inter-level travel time spent in this place.
 D = Time resting spent in this place.
 E = Time spent auto-exploring this place.
 F = Levels seen in this place.
 G = Mean time per level.
                   A        B        C        D        E       F      G
               +--------+--------+--------+--------+--------+-----+--------+
         Total |   3091 |   3051 |     40 |    343 |   2023 |   4 |  772.8 |
       Dungeon |   3091 |   3051 |     40 |    343 |   2023 |   4 |  772.8 |
               +--------+--------+--------+--------+--------+-----+--------+

Top non-repeatable levels by time:
     D:3: 1412 daAuts
     D:2: 833 daAuts
     D:1: 670 daAuts
     D:4: 176 daAuts
